 Dungeon Crawl Stone Soup version 0.19-a0-805-g0a78ef0 (webtiles) character file.

1875 Ryco the Covert (level 8, 0/37 HPs)
             Began as a Spriggan Enchanter on June 24, 2016.
             Was a Follower of Ashenzari.
             Slain by a crocodile (7 damage)
             ... on level 9 of the Dungeon on June 27, 2016.
             The game lasted 00:27:33 (2894 turns).

Ryco the Covert (Spriggan Enchanter)                Turns: 2894, Time: 00:27:34

Health: 0/37       AC:  4    Str:  4    XL:     8   Next: 91%
Magic:  12/19      EV: 17    Int: 17    God:    Ashenzari [*.....]
Gold:   188        SH:  0    Dex: 18    Spells: 5 memorised, 8 levels left

rFire  . . .     SeeInvis +     a - +1 dagger
rCold  . . .     Gourm    .     b - +1 robe
rNeg   + . .     Faith    .     (shield restricted)
rPois  .         Spirit   .     (helmet restricted)
rElec  .         Dismiss  .     h - +0 cloak
rCorr  .         Reflect  .     (gloves unavailable)
SustAt .         Harm     .     (boots unavailable)
MR     +....                    j - amulet of regeneration (curse)
Stlth  +++++.....               (no ring)
                                g - ring of positive energy

@: very quick, somewhat resistant to hostile enchantments, quite stealthy
A: unfitting armour, see invisible, herbivore 3, speed 3, slow metabolism 2
a: Curse Item, Scrying, Renounce Religion


You were on level 9 of the Dungeon.
You worshipped Ashenzari.
Ashenzari was aware of your devotion.
You were not hungry.

You visited 2 branches of the dungeon, and saw 10 of its levels.

You collected 188 gold pieces.

Inventory:

Hand Weapons
 a - a +1 dagger (weapon)
 p - a +0 short sword
Missiles
 z - 6 needles of confusion
Armour
 b - a +1 robe (worn)
 h - a +0 cloak (worn)
Jewellery
 g - a ring of positive energy (left hand)
 j - a cursed amulet of regeneration (around neck)
Wands
 w - a wand of lightning (8/15)
Scrolls
 i - 2 scrolls of amnesia {unknown}
 r - a scroll of enchant weapon {unknown}
 t - a scroll of random uselessness {unknown}
 u - 3 scrolls of immolation {unknown}
 v - a scroll of recharging
 x - a scroll of enchant armour {unknown}
 y - 2 scrolls of remove curse
Potions
 e - a potion of curing
 f - 3 potions of haste
 k - a potion of ambrosia
 l - a potion of flight {unknown}
 m - 2 potions of brilliance
 n - a potion of heal wounds
 o - a potion of berserk rage
 q - a potion of resistance
 s - a potion of invisibility
Books
 c - a book of Maledictions

   Spells                             Type                      Level
   a - Corona                         Hexes                        1
   b - Ensorcelled Hibernation        Hexes/Ice                    2
   c - Confuse                        Hexes                        3
   d - Tukima's Dance                 Hexes                        3
   e - Dazzling Spray                 Conjuration/Hexes            3
Comestibles
 d - 2 bread rations


   Skills:
 + Level 1.1 Fighting
 * Level 5.9 Short Blades
 + Level 5.9 Dodging
 + Level 10.3 Stealth
 + Level 6.7 Spellcasting
 + Level 7.0 Hexes


You had 8 spell levels left.
You knew the following spells:

 Your Spells              Type           Power        Failure   Level  Hunger
a - Ensorcelled Hibernat  Hex/Ice        ###...       4%          2    None
b - Corona                Hex            ####...      1%          1    None
c - Confuse               Hex            ####....     1%          3    ##.....
d - Dazzling Spray        Conj/Hex       ###...       10%         3    ##.....
t - Tukima's Dance        Hex            ####....     1%          3    ##.....


Dungeon Overview and Level Annotations

Branches:
Dungeon (9/15)             Temple (1/1) D:5            Lair (0/6) D:9
    Orc: D:9-12

Altars:
Ashenzari
Cheibriados
Dithmenos
Fedhas
Hepliaklqana
Makhleb
Nemelex Xobeh
Okawaru
Pakellas
Ru
Trog
Uskayaw
Vehumet
Xom
Yredelemnul
Zin

Annotations:
D:3 Xcelar's ghost, amateur HOFi
D:4 AlphabetPasta's ghost, amateur KoCj
D:8 AlphabetPasta's ghost, novice HEBe


Innate Abilities, Weirdness & Mutations

You are tiny and cannot use many weapons and most armour.
You have supernaturally acute eyesight. (SInv)
You are a herbivore.
You cover ground extremely quickly.
You need consume almost no food.


Message History

The basilisk appears confused.
The basilisk bites you!
You catch the helpless basilisk completely off-guard!
You impale the basilisk!!
The basilisk is severely wounded.
The basilisk misses you.
You strike the helpless basilisk from behind!
You impale the basilisk!!
You kill the basilisk!
Your Hexes skill increases to level 7!
No target in view!
No target in view!
No target in view!
There is a stone staircase leading down, spattered with blood here.
You climb downwards.
The crocodile bites you. The crocodile barely misses you.
There is a stone staircase leading up here.
Unknown command.
The crocodile bites you!
* * * LOW HITPOINT WARNING * * *
The crocodile bites you!
You die...

t......♣P.....!..
.P..%..>..♣..♣P.#
t....[P...P.....#
♣t♣.............
#.............#
#.P..?........#.#
##..............#
##.P..♣.tt.#.##
##....P.@t#
#..##......# ##>
#.###### #. #..
#. ###


You could see 3 crocodiles.

Vanquished Creatures
  3 yaks (D:8)
  A basilisk (D:8)
  A porcupine (D:8)
  A phantom (D:6)
  2 centaurs
  A crocodile (D:8)
  4 giant frogs
  A scorpion (D:7)
  5 wights (D:6)
  4 crimson imps
  A jelly (D:6)
  A gnoll shaman (D:3)
  2 orc wizards
  A worker ant (D:4)
  2 gnolls (D:4)
  3 adders
  A river rat (D:8)
  2 dart slugs (D:3)
  2 giant geckos
  13 orcs
  3 giant cockroaches
  3 hobgoblins (D:3)
  A ball python (D:3)
  3 bats
  3 giant newts
  3 goblins (D:3)
  5 rats
72 creatures vanquished.

Notes
Turn   | Place    | Note
--------------------------------------------------------------
     0 | D:1      | Ryco the Spriggan Enchanter began the quest for the Orb.
     0 | D:1      | Reached XP level 1. HP: 9/9 MP: 5/5
   369 | D:2      | Reached XP level 2. HP: 13/13 MP: 6/6
   373 | D:2      | Learned a level 2 spell: Ensorcelled Hibernation
   381 | D:2      | Found a hide-covered altar of Uskayaw.
   383 | D:2      | Found a burning altar of Makhleb.
   403 | D:2      | Found a hazy altar of Hepliaklqana.
   406 | D:2      | Found a snail-covered altar of Cheibriados.
   517 | D:3      | Noticed Xcelar's ghost (amateur HOFi)
   553 | D:3      | Reached skill level 5 in Stealth
   674 | D:3      | Upgraded the game from 0.19-a0-746-g995b792 to 0.19-a0-805-g0a78ef0
   773 | D:3      | Reached XP level 3. HP: 16/16 MP: 8/8
   778 | D:3      | Learned a level 3 spell: Confuse
   828 | D:4      | Noticed AlphabetPasta's ghost (amateur KoCj)
   898 | D:5      | Entered Level 5 of the Dungeon
   931 | D:5      | Reached skill level 6 in Stealth
   931 | D:5      | Reached XP level 4. HP: 21/21 MP: 9/9
  1166 | D:6      | Noticed a centaur
  1167 | D:6      | Noticed a giant frog
  1187 | D:6      | Noticed a giant frog
  1251 | D:5      | Killed a giant frog
  1251 | D:5      | Reached XP level 5. HP: 24/24 MP: 0/10
  1256 | D:5      | Learned a level 3 spell: Tukima's Dance
  1289 | D:5      | Found a staircase to the Ecumenical Temple.
  1299 | Temple   | Entered the Ecumenical Temple
  1306 | Temple   | Became a worshipper of Ashenzari the Shackled
  1372 | D:4      | Reached skill level 7 in Stealth
  1407 | D:3      | Reached XP level 6. HP: 12/28 MP: 2/12
  1750 | D:7      | Found an iron altar of Okawaru.
  1965 | D:6      | Reached skill level 8 in Stealth
  1965 | D:6      | Reached skill level 5 in Hexes
  1965 | D:6      | Reached XP level 7. HP: 32/32 MP: 14/14
  1970 | D:6      | Learned a level 3 spell: Dazzling Spray
  2047 | D:6      | Reached skill level 5 in Dodging
  2247 | D:8      | Reached * piety under Ashenzari
  2250 | D:8      | Found a basalt altar of Yredelemnul.
  2259 | D:9      | Found a staircase to the Lair.
  2259 | D:9      | Noticed a yak
  2259 | D:9      | Noticed a yak
  2259 | D:9      | Noticed a basilisk
  2262 | D:9      | Noticed a yak
  2275 | D:8      | Killed a yak
  2275 | D:8      | Reached skill level 5 in Spellcasting
  2336 | D:9      | Noticed a yak
  2347 | D:8      | Reached skill level 9 in Stealth
  2347 | D:8      | Reached XP level 8. HP: 21/37 MP: 0/17
  2352 | D:8      | Reached skill level 5 in Short Blades
  2393 | D:8      | Found a shimmering altar of Xom.
  2393 | D:8      | Noticed AlphabetPasta's ghost (novice HEBe)
  2402 | D:8      | Reached skill level 1 in Fighting
  2596 | D:6      | Found a radiant altar of Vehumet.
  2659 | D:6      | Reached skill level 10 in Stealth
  2894 | D:9      | Slain by a crocodile

Vault maps used:
D:1:      eino_arrival_water_cross, minmay_shallow_snake_nest
D:2:      nicolae_overflow_hidden_temple, uniq_robin
D:3:      uniq_iyjb
D:4:      nicolae_qazlal_style_of_elements
D:5:      serial_column_ruins, column_ruins_hut, column_ruins_corridor_corner,
          column_ruins_open_tiny, column_ruins_columns_dead_end,
          column_ruins_grid_3, column_ruins_open_large,
          column_ruins_corridor_corner, column_ruins_grid_1, first_bread
D:6:      grunt_temple_overflow_magic_moments, gammafunk_temple_overflow_pools,
          feat_on_display
D:7:      okawaru_trees_2, the_bakery, kennysheep_generic_room_8
D:8:      basic_altar, minmay_guarded_unrand_variability, uniq_erica,
          uniq_maurice
D:9:      minmay_lair_entry_grove, kennysheep_generic_room_2
Temple:   nicolae_temple_x_marks_the_god

Skill      XL: |  1  2  3  4  5  6  7  8 |
---------------+-------------------------+-----
Stealth        | 5 6 7 8 9 10 | 10.3
Short Blades   | 2 3 4 5 |  5.9
Hexes          | 4 5 7 |  7.0
Spellcasting   | 3 4 5 6 |  6.7
Dodging        | 4 5 |  5.9
Fighting       | 1 |  1.1

Action                   |  1- 3 |  4- 6 |  7- 9 || total
-------------------------+-------+-------+-------++-------
Melee: Dagger            |    63 |    22 |    68 ||   153
       Short sword       |       |    41 |    12 ||    53
 Cast: Corona            |     2 |       |       ||     2
       Ensorcelled Hiber |     2 |    20 |    15 ||    37
       Confuse           |       |     3 |    20 ||    23
  Use: Scroll            |       |     5 |     5 ||    10
       Potion            |       |       |     1 ||     1
 Stab: Sleeping          |    17 |    16 |     8 ||    41
       Confused          |       |       |    10 ||    10
       Invisible         |       |       |     5 ||     5
  Eat: Bread ration      |       |       |     1 ||     1
Armor: Robe              |     6 |     5 |     3 ||    14
Dodge: Dodged            |    44 |    43 |    50 ||   137
